 Dungeon Crawl Stone Soup version 0.22-a0-460-g49b1da7 (webtiles) character file.

213 emperorscorpion the Firebug (level 5, -5/28 HPs)
             Began as a Deep Elf Fire Elementalist on June 9, 2018.
             Was a Believer of Vehumet.
             Killed from afar by a white imp (8 damage)
             ... with a puff of frost
             ... summoned by Eustachio
             ... on level 4 of the Dungeon.
             The game lasted 00:06:52 (3785 turns).

emperorscorpion the Firebug (DEFE)                  Turns: 3785, Time: 00:06:54

Health: -5/28      AC:  5    Str:  9    XL:     5   Next: 59%
Magic:  4/13       EV: 15    Int: 21    God:    Vehumet [**....]
Gold:   174        SH:  0    Dex: 15    Spells: 4/13 levels left

rFire    . . .     SeeInvis .   a - +1 spear (chaos)
rCold    . . .     Gourm    .   (no shield)
rNeg     . . .     Faith    .   d - +1 robe
rPois    .         Spirit   .   g - +0 helmet
rElec    .         Reflect  .   (no cloak)
rCorr    .         Harm     .   (no gloves)
MR       .....     Clarity  +   t - +0 pair of boots
Stlth    ++........             (no amulet)
HPRegen  0.09/turn              (no ring)
MPRegen  0.13/turn              (no ring)

@: lethally poisoned (-5 -> -9)
A: repulsion field 1, clarity, strong 2
a: Renounce Religion


You were on level 4 of the Dungeon.
You worshipped Vehumet.
Vehumet was pleased with you.
You were very hungry.

You visited 1 branch of the dungeon, and saw 4 of its levels.

You collected 174 gold pieces.

Inventory:

Hand Weapons
 a - a +1 spear of chaos (weapon)
 p - a +0 short sword
Missiles
 h - 51 sling bullets
 k - 111 stones (quivered)
 o - 42 arrows
Armour
 d - a +1 robe (worn)
 g - a +0 helmet (worn)
 t - a +0 pair of boots (worn)
Scrolls
 e - a scroll of magic mapping {unknown}
 f - 2 scrolls of identify
 l - a scroll of remove curse
 m - 5 scrolls of teleportation
 n - a scroll of fear
 r - 3 scrolls of enchant weapon {unknown}
 u - 2 scrolls of amnesia {unknown}
Potions
 b - 2 potions of haste
Comestibles
 c - 6 rations


   Skills:
 + Level 0.4 Fighting
 + Level 0.1 Short Blades
 + Level 1.0 Polearms
 + Level 2.6 Dodging
 + Level 3.3 Stealth
 + Level 4.5 Spellcasting
 + Level 2.5 Conjurations
 + Level 4.6 Fire Magic
 + Level 0.9 Air Magic


You had 4 spell levels left.
You knew the following spells:

 Your Spells              Type           Power        Failure   Level  Hunger
a - Flame Tongue          Conj/Fire      ###..        2%          1    None
b - Shock                 Conj/Air       ##..         5%          1    None
c - Sticky Flame          Conj/Fire      ###.....     26%         4    ####...
d - Conjure Flame         Conj/Fire      ###.....     8%          3    ##.....

Your spell library contained the following spells:

 Spells                   Type           Power        Failure   Level  Hunger
 Fireball                 Conj/Fire      ###.......   58%         5    ######.
 Throw Flame              Conj/Fire      ###...       4%          2    #......
 Inner Flame              Hex/Fire       ##......     13%         3    ##.....


Dungeon Overview and Level Annotations

Branches:
Dungeon (4/15)
 Temple: D:4-7

Altars:
Vehumet
Xom

Annotations:
D:4 Eustachio


Innate Abilities, Weirdness & Mutations

You are surrounded by a mild repulsion field. (EV +2)
You possess an exceptional clarity of mind.
Your muscles are very strong. (Str +4)


Message History

It was a potion of flight.
You feel very buoyant.
You fly up into the air.
It was a potion of cancellation.
Your magical effects are unravelling.
You feel magically purged.
Your magical contamination has completely faded away.
You float gracefully downwards.
You flicker back into view.
* * * LOW HITPOINT WARNING * * *
You feel sick.
Eustachio shouts!
Eustachio mumbles some strange words.
An ogre comes into view. It is wielding a giant club.
* * * LOW HITPOINT WARNING * * *
You feel sick. Eustachio completely misses you.
You miss Eustachio.
Eustachio mumbles some strange words.
The white imp gestures at you. The puff of frost hits you!
You die...

##### ..... ......
###############......
##...........†........
####..###########r.......
.....## #.@.#......
###### #.5@###......
#..b. .>... #....r. #####
.....O. .#..... ##....
.....


You could see Eustachio, an ogre (wandering), a river rat, a white imp, a bat
and a rat.

Vanquished Creatures
  An orc priest (D:3)
  A worker ant (D:4)
  6 adders
  A worm (D:2)
  3 dart slugs
  3 leopard geckos
  10 orcs
  3 ball pythons
  3 giant cockroaches
  12 goblins
  12 hobgoblins
  4 jackals (D:3)
  A quokka (D:3)
  6 bats
  4 frilled lizards
  6 kobolds
  6 rats
82 creatures vanquished.

Notes
Turn   | Place    | Note
-------+----------+-------------------------------------------
     0 | D:1      | emperorscorpion the Deep Elf Fire Elementalist began the quest for the Orb.
     0 | D:1      | Reached XP level 1. HP: 10/10 MP: 6/6
   288 | D:1      | Reached XP level 2. HP: 9/15 MP: 1/8
  1160 | D:2      | Reached XP level 3. HP: 19/19 MP: 7/9
  1744 | D:2      | Reached XP level 4. HP: 24/24 MP: 8/11
  1954 | D:2      | Found a faded altar of an unknown god.
  1962 | D:2      | Became a worshipper of Vehumet
  1962 | D:2      | Reached * piety under Vehumet
  1962 | D:2      | Offered knowledge of Shock by Vehumet.
  2048 | D:2      | Learned a level 1 spell: Shock
  2055 | D:2      | Found a shimmering altar of Xom.
  2307 | D:3      | Learned a level 4 spell: Sticky Flame
  2874 | D:3      | Reached XP level 5. HP: 13/28 MP: 10/13
  3122 | D:3      | Reached skill level 1 in Polearms
  3655 | D:3      | Learned a level 3 spell: Conjure Flame
  3692 | D:4      | Reached ** piety under Vehumet
  3754 | D:4      | Noticed Eustachio
  3776 | D:4      | Offered knowledge of Searing Ray by Vehumet.
  3778 | D:4      | Gained mutation: Your muscles are strong. (Str +2) [potion of mutation]
  3778 | D:4      | Gained mutation: You possess an exceptional clarity of mind. [potion of mutation]
  3778 | D:4      | Gained mutation: You are surrounded by a mild repulsion field. (EV +2) [potion of mutation]
  3778 | D:4      | Gained mutation: Your muscles are very strong. (Str +4) [potion of mutation]
  3783 | D:4      | Noticed an ogre
  3785 | D:4      | Killed from afar by a white imp

Vault maps used:
D:1:      dpeg_arrival_water_fire
D:2:      chequers_ecumenical_altar_simple, first_ration, tgw_xom
D:4:      uniq_eustachio

Skill      XL: |  1  2  3  4  5 |
---------------+----------------+-----
Stealth        | 3 |  3.3
Fire Magic     | 4 |  4.6
Conjurations   | 2 |  2.5
Spellcasting   | 4 |  4.5
Polearms       | 1 |  1.0
Fighting       | |  0.4
Short Blades   | |  0.1
Dodging        | |  2.6
Air Magic      | |  0.9

Action                   |  1- 3 |  4- 6 || total
-------------------------+-------+-------++-------
Melee: Short sword       |    12 |       ||    12
       Spear             |       |    87 ||    87
 Cast: Flame Tongue      |    72 |    61 ||   133
       Shock             |       |     3 ||     3
       Conjure Flame     |       |     2 ||     2
       Sticky Flame      |       |     1 ||     1
  Use: Scroll            |       |     5 ||     5
       Potion            |       |     4 ||     4
 Stab: Sleeping          |       |     5 ||     5
  Eat: Chunk             |     2 |     6 ||     8
Armor: Robe              |     5 |    27 ||    32
Dodge: Dodged            |    24 |    85 ||   109

Table legend:
 A = Spawn XP
 B = Non-spawn XP
 C = Spawn XP percentage of total XP
 D = Spawn monster count
 E = Non-spawn monster count
 F = Spawn count percentage of total count
 G = Total turns spent on level
                    A         B        C        D         E        F      G
               +---------+---------+-------+---------+---------+-------+---------
         Total |       0 |     305 |   0.0 |       0 |      82 |   0.0 |  3785
               +---------+---------+-------+---------+---------+-------+---------
           D:1 |       0 |      37 |   0.0 |       0 |      22 |   0.0 |  1110
           D:2 |       0 |      80 |   0.0 |       0 |      26 |   0.0 |  1045
           D:3 |       0 |     140 |   0.0 |       0 |      31 |   0.0 |  1522
           D:4 |       0 |      48 |   0.0 |       0 |       3 |   0.0 |   108
               +---------+---------+-------+---------+---------+-------+---------
